 Dungeon Crawl Stone Soup version 0.31-a0-354-g827e0957a7 (webtiles) character file.

Game seed: 10618997926060326516

159 MacCMillion the Ruffian (level 5, 0/37 HPs)
             Began as a Merfolk Shapeshifter on July 24, 2023.
             Succumbed to a kobold's poison
             ... on level 4 of the Dungeon.
             The game lasted 00:03:41 (2614 turns).

MacCMillion the Ruffian (Merfolk Shapeshifter)      Turns: 2614, Time: 00:03:42

Health: 0/37       AC:  3    Str: 18    XL:     5   Next: 40%
Magic:  5/5        EV: 12    Int:  7    God:
Gold:   184        SH:  0    Dex: 14    Spells: 4/4 levels left

rFire   . .          .
                       - Unarmed
rCold   . . .        (no shield)
rNeg    . . .        k - +0 leather armour
rPois   .            (helmet currently unavailable)
rElec   .            (cloak currently unavailable)
rCorr   .            (gloves currently unavailable)
SInv    .            (boots currently unavailable)
Will    .....        (no amulet)
Stlth   +            (no ring)
HPRegen 0.26/turn    (no ring)
MPRegen 0.09/turn

%: no passive effects
@: brilliant, lethally poisoned (0 -> -4), beast-form
A: beast (slay +3), (nimble swimmer 2), mertail
a: Begin Untransformation


You were on level 4 of the Dungeon.
You were a hulking beast.
You visited 1 branch of the dungeon, and saw 4 of its levels.

You collected 184 gold pieces.

Inventory:

Missiles
 n - 2 poisoned darts
Armour
 k - a +0 leather armour (worn)
Talismans
 c - a beast talisman
Wands
 m - a wand of flame (16)
Scrolls
 a - 2 scrolls of identify {unknown}
 d - a scroll of blinking {unknown}
 e - a scroll of enchant weapon {unknown}
 g - 2 scrolls of revelation {unknown}
 h - 2 scrolls of torment {unknown}
 j - a scroll of vulnerability {unknown}
 l - 2 scrolls of poison {unknown}
Potions
 b - a potion of lignification
 f - a potion of brilliance
 i - a potion of berserk rage {unknown}


   Skills:
 - Level 1.1 Fighting
 - Level 2.6 Dodging
 + Level 6.3 Unarmed Combat
 - Level 4.3 Shapeshifting


You had 4 spell levels left.
You didn't know any spells.
Your spell library contained the following spells:

 Spells                   Type           Power      Damage    Failure   Level
 Apportation              Tloc           0%         N/A       50%         1
 Foxfire                  Conj/Fire      0%         2x1d4     50%         1
 Necrotise                Necr           0%         1d4       50%         1
 Summon Small Mammal      Summ           0%         N/A       50%         1
 Call Canine Familiar     Summ           0%         N/A       86%         3
 Ignite Poison            Fire/Tmut/Pois 0%         N/A       86%         3
 Portal Projectile        Hex/Tloc       0%         N/A       86%         3
 Leda's Liquefaction      Hex/Erth       0%         N/A       99%         4
 Sticky Flame             Conj/Fire      0%         2d3       99%         4
 Plasma Beam              Fire/Air       0%         2x1d10    100%        6
 Starburst                Conj/Fire      0%         6d3       100%        6
 Ignition                 Fire           0%         3d3       100%        8


Dungeon Overview and Level Annotations

Branches:
Dungeon (4/15)
 Temple: D:4-7

Altars:
Qazlal

Annotations:
D:4 Ijyb


Innate Abilities, Weirdness & Mutations

You are a hulking beast.
Your limbs bulge with bestial killing power. (Slay +3)
((You are very nimble when in or above water. (Stealth+, EV+, Speed+++)))
Your lower body shifts to a powerful aquatic tail in water.


Message History

You hit the orc but do no damage.
The orc is heavily wounded.
The orc misses you. The kobold hits you but does no damage.
You are poisoned.
You punch the orc!
You kill the orc!
You feel very sick. The kobold hits you but does no damage.
You are more poisoned.
You punch the kobold!
You kill the kobold!
You feel very sick. The ball python closely misses you.
The ball python grabs you. The ball python constricts you.
Unknown command.
You hit the ball python.
You kill the ball python!
You feel very sick.
You feel very sick. The orc hits you with a +0 dagger.
The hobgoblin misses you. The orc hits you with a +0 falchion.
Items here: )) [ ††.
You closely miss the orc.
You feel sick.
Ijyb shouts!
The orc closely misses you. The orc hits you but does no damage.
The hobgoblin hits you.
* * * LOW HITPOINT WARNING * * *
Unknown command.
The hobgoblin attacks as you move away! The hobgoblin closely misses you.
* * * LOW HITPOINT WARNING * * *
You feel sick. The orc hits you with a +0 falchion.
* * * LOW HITPOINT WARNING * * *
You barely miss the orc.
* * * LOW HITPOINT WARNING * * *
You feel sick. The orc barely misses you. The orc hits you with a +0 falchion.
* * * LOW HITPOINT WARNING * * *
Unknown command.
It was a potion of brilliance.
You feel clever all of a sudden.
You die...

#.....###......#......#..#
##......###........#####..#
..........###.>##..######....
....##...............##.##...
..........#......#...........
.....####...####.##........##
....# #.....# #.##..(...### .
.# ##.#..# ..###......#
#.)##h##..# ##.....#
##..##oo#.## #....##
...##gg...# #...###
..#..##g...#.##..#
.###...#..$..... .#
##........... #g
#.........!..
.....oo.#.......
[...o.........#.


You could see Ijyb, 2 orcs and 2 hobgoblins.

Vanquished Creatures
  6 adders
  A gnoll (D:4)
  An ufetubus (D:4)
  2 worms
  3 dart slugs
  6 orcs
  6 ball pythons
  6 endoplasms
  3 giant cockroaches
  11 hobgoblins
  2 jackals (D:2)
  5 kobolds
  2 quokkas
  3 bats
  4 frilled lizards
  6 goblins
  4 rats
71 creatures vanquished.

Notes
Turn   | Place    | Note
-------+----------+-------------------------------------------
     0 | D:1      | MacCMillion the Merfolk Shapeshifter began the quest for
                  | the Orb.
     0 | D:1      | Reached XP level 1. HP: 15/15 MP: 1/1
   149 | D:1      | Reached XP level 2. HP: 17/21 MP: 2/2
   371 | D:1      | Reached skill level 4 in Unarmed Combat
   697 | D:1      | Found a faded altar of an unknown god.
   764 | D:2      | Reached XP level 3. HP: 26/26 MP: 3/3
   843 | D:2      | Found a stormy altar of Qazlal.
   993 | D:2      | Reached skill level 5 in Unarmed Combat
   995 | D:2      | Reached XP level 4. HP: 32/32 MP: 4/4
  2073 | D:3      | Reached XP level 5. HP: 30/37 MP: 5/5
  2223 | D:3      | Reached skill level 6 in Unarmed Combat
  2591 | D:4      | Noticed Ijyb
  2613 | D:4      | HP: 1/37 [orc/+0 falchion (3)]
  2614 | D:4      | Succumbed to a kobold's poison

Illustrated notes

Levels and vault maps discovered:
D:1:      kilobyte_arrival_exit_the_forest, layout_loops_cross,
          hellmonk_ecumenical_altar_inner_sanctum
D:2:      layout_rooms, basic_altar
D:3:      layout_loops_ring
D:4:      layout_cave_pools, marbit_many_paths, serial_shops, shop, shop,
          uniq_ijyb

Skill      XL: |  1  2  3  4  5 |
---------------+----------------+-----
Unarmed Combat | 4 5 6 |  6.3
Fighting       | |  1.1
Dodging        | |  2.6
Shapeshifting  | |  4.3

Action                     |  1- 3 |  4- 6 || total
---------------------------+-------+-------++-------
  Melee: Unarmed           |    64 |    95 ||   159
         Punch             |     2 |       ||     2
    Use: Potion            |       |     1 ||     1
   Stab: Sleeping          |     3 |       ||     3
 Armour: Animal skin       |     5 |     2 ||     7
         Leather armour    |       |    11 ||    11
  Dodge: Dodged            |    32 |    57 ||    89

Table legend: (Time is in decaauts)
 A = Elapsed time spent in this place.
 B = Non-inter-level travel time spent in this place.
 C = Inter-level travel time spent in this place.
 D = Time resting spent in this place.
 E = Time spent auto-exploring this place.
 F = Levels seen in this place.
 G = Mean time per level.
                   A        B        C        D        E       F      G
               +--------+--------+--------+--------+--------+-----+--------+
         Total |   2594 |   2476 |    118 |    334 |   1626 |   4 |  648.5 |
       Dungeon |   2594 |   2476 |    118 |    334 |   1626 |   4 |  648.5 |
               +--------+--------+--------+--------+--------+-----+--------+

Top non-repeatable levels by time:
     D:2: 780 daAuts
     D:3: 770 daAuts
     D:1: 751 daAuts
     D:4: 292 daAuts
